Map: Pillars of Gold LE

Players

ViBE - Winner!

  • Race: Zerg Zerg
  • League: Silver
  • Spawn Location: 7:00

PichuloskY

  • Race: Zerg Zerg
  • League: Gold
  • Spawn Location: 1:00

VOD

Have the link to the VOD?

Description

Time

  • Played on: March 16, 2021, 10:53 p.m.
  • Length: 11:45
Show
View Real Time Build Order
Export as new Build Order

ViBE Zerg - Winner!

Build Orders: Hatch First, Roach Hydra 

Get SALT Encoding   

  12  0:00  Drone  
  13  0:13  Overlord  
  13  0:19  Drone  
  14  0:32  Drone x2  
  16  0:52  Hatchery  
  15  0:58  Drone  
  15  0:59  Drone  
  15  1:04  Drone  
  18  1:16  Drone  
  19  1:24  Spawning Pool  
  18  1:29  Drone  
  18  1:31  Drone  
  20  1:40  Extractor  
  19  1:55  Overlord  
  19  2:04  Drone x2  
  19  2:08  Drone  
  22  2:11  Queen x2  
  22  2:14  Drone  
  27  2:24  Drone x2  
  29  2:32  Drone  
  29  2:36  Overlord  
  30  2:42  Drone  
  31  2:47  Overlord  
  31  2:50  Drone  
  32  2:54  Lair  
  32  2:57  Queen  
  34  3:06  Drone x2  
  36  3:26  Drone x9  
  45  3:27  Drone  
  46  3:35  Roach Warren  
  46  3:37  Evolution Chamber  
  44  3:46  Extractor  
  43  3:49  Drone x4  
  43  3:50  Extractor  
  46  3:56  Overlord  
  46  4:04  Drone x2  
  46  4:05  Drone  
  46  4:09  Overlord  
  49  4:19  Hatchery  
  49  4:22  Roach x5  
  58  4:26  Glial Reconstitution  
  58  4:27  Zerg Missile Weapons Level 1  
  58  4:30  Roach  
  60  4:34  Overlord  
  60  4:36  Overlord  
  60  4:41  Drone  
  60  4:42  Drone x3  
  64  4:50  Drone x2  
  66  4:56  Queen  
  68  5:01  Drone  
  68  5:02  Drone x6  
  75  5:14  Overlord x2  
  75  5:19  Hydralisk Den  
  74  5:23  Evolution Chamber  
  69  5:30  Roach  
  69  5:31  Roach x5  
  69  5:34  Roach  
  69  5:35  Roach x2  
  78  5:36  Roach  
  78  5:39  Roach  
  80  5:48  Roach x3  
  81  5:51  Roach  
  84  5:57  Roach  
  84  5:58  Roach  
  84  6:05  Drone  
  84  6:06  Drone x7  
  92  6:14  Drone x4  
  96  6:22  Drone  
  96  6:23  Drone  
  98  6:29  Extractor  
  98  6:30  Queen  
  98  6:31  Extractor  
  98  6:38  Zerg Missile Weapons Level 2, Grooved Spines  
  98  6:39  Zerg Ground Armor Level 1  
  98  6:44  Drone x7  
  105  7:03  Extractor  
  105  7:04  Overlord x3  
  104  7:20  Hatchery  
  104  7:21  Overlord  
  103  7:23  Hydralisk x9  
  121  7:34  Drone  
  121  7:35  Drone, Overlord x2  
  123  7:43  Drone x6  
  123  7:44  Drone x3  
  132  7:49  Muscular Augments  
  132  7:55  Drone  
  132  7:56  Drone x2  
  135  8:00  Drone  
  136  8:10  Hatchery  
  135  8:17  Drone x11  
  146  8:21  Extractor  
  146  8:23  Extractor  
  146  8:26  Infestation Pit  
  143  8:28  Overlord x2  
  143  8:29  Overlord  
  143  8:39  Hydralisk x7  
  143  8:40  Hydralisk  
  159  9:06  Hive  
  159  9:09  Hydralisk x3  
  159  9:10  Hydralisk x7  
  159  9:13  Overlord x4  
  179  9:28  Hatchery  
  178  9:49  Lurker Den  
  177  9:58  Spore Crawler  
  177  9:59  Spore Crawler  
  175  10:01  Spore Crawler  
  171  10:07  Spore Crawler  
  171  10:08  Spore Crawler  
  171  10:09  Spore Crawler  
  171  10:10  Spore Crawler  
  171  10:12  Spore Crawler  
  171  10:14  Spore Crawler x2  
  165  10:16  Spore Crawler  
  165  10:19  Spore Crawler  
  162  10:22  Drone x2  
  162  10:23  Drone x14  
  176  10:46  Spore Crawler  
  176  10:48  Spore Crawler  
  176  10:49  Spore Crawler  
  163  10:54  Hatchery  
  163  10:55  Spore Crawler  
  163  10:57  Spore Crawler, Extractor  
  150  10:58  Drone  
  150  10:59  Drone x9, Extractor, Spore Crawler  
Show
View Real Time Build Order
Export as new Build Order

PichuloskY Zerg 

Build Orders: Pool First 

Get SALT Encoding   

  12  0:00  Drone  
  13  0:13  Overlord  
  13  0:19  Drone  
  14  0:35  Drone x3  
  17  0:47  Spawning Pool  
  16  0:51  Drone  
  17  1:08  Extractor  
  16  1:19  Hatchery  
  15  1:31  Drone x3  
  18  1:38  Queen  
  20  1:51  Overlord  
  20  2:12  Roach Warren  
  20  2:15  Extractor  
  18  2:16  Drone x2  
  18  2:17  Drone  
  21  2:55  Lair  
  21  3:00  Roach  
  21  3:01  Roach x4  
  31  3:35  Roach x2  
  31  3:38  Drone  
  31  3:39  Overlord x2  
  31  3:40  Overlord  
  36  3:57  Queen  
  36  4:00  Hydralisk Den  
  37  4:16  Drone x3  
  37  4:17  Drone  
  41  4:21  Roach x2  
  45  4:32  Grooved Spines  
  45  4:43  Hydralisk x2  
  49  4:46  Drone  
  50  4:57  Drone x2  
  50  4:59  Overlord  
  52  5:22  Drone x2  
  52  5:40  Roach x4  
  60  5:43  Muscular Augments  
  60  5:54  Overlord x3  
  60  5:57  Extractor  
  60  6:00  Extractor  
  44  6:16  Hydralisk x2  
  44  6:17  Hydralisk x4  
  54  6:26  Evolution Chamber  
  54  6:30  Evolution Chamber  
  52  6:33  Drone x2  
  54  6:48  Glial Reconstitution  
  54  7:00  Zerg Missile Weapons Level 1  
  54  7:01  Zerg Ground Armor Level 1  
  54  7:03  Drone  
  54  7:04  Drone x3  
  54  7:05  Drone  
  59  7:23  Roach x4  
  67  7:52  Spire  
  67  7:54  Drone x3  
  67  7:55  Drone x3  
  72  8:12  Hatchery  
  71  8:26  Roach x4  
  79  8:33  Drone x3  
  82  8:43  Drone  
  82  8:44  Drone  
  82  8:45  Overlord  
  84  9:04  Infestation Pit  
  84  9:06  Mutalisk x4  
  91  9:26  Drone x3  
  91  9:27  Drone  
  95  9:41  Roach  
  95  9:42  Overlord  
  95  9:43  Overlord  
  97  10:00  Queen  
  99  10:13  Drone x6  
  99  10:14  Drone  
  106  10:37  Drone x2  
  106  10:38  Drone x2  
  110  10:49  Roach x4  
Tags
 
Composition
Roach Hydra
Matchup
ZvZ
Player
ViBE
Race
Zerg
Spawn Locations
Cross Positions
Add a new tag
Caveats
  • Supply blocks, unpowered buildings, or Contaminate may cause inaccurate times.
  • Supply counts are checked every 10 seconds.